| TOP OF THE 1ST |
|
Greenville Drive batting - Pitching for Quad Cities River Bandits : RHP Mike Rosen
|
|
Pitching: RHP Mike Rosen
|
|
|
Batting: RHB Aukukero Tairi
|
0-0: Ball 1-0: Called Strike 1-1: Called Strike 1-2: Ball 2-2: Ground out 5-3 (Groundball, 56, EV 88.1 MPH)
|
|
Batting: SHB Salvador Padilla
|
0-0: Called Strike 0-1: Swinging Strike 0-2: Strikes out swinging
|
|
Batting: RHB Alex Cardenas
|
0-0: Foul Ball, location: 2F 0-1: Called Strike 0-2: Strikes out swinging
|
| Top of the 1st over - 0 runs, 0 hits, 0 errors, 0 left on base; Greenville 0 - Quad Cities 0 |
| BOTTOM OF THE 1ST |
|
Quad Cities River Bandits batting - Pitching for Greenville Drive : RHP Teruhiko Ushijima
|
|
Pitching: RHP Teruhiko Ushijima
|
|
|
Batting: LHB Glenn Lowther
|
0-0: Ball 1-0: Ball 2-0: Called Strike 2-1: SINGLE (Line Drive, 8LS, EV 104.4 MPH)
|
|
Batting: RHB Sean Mounts
|
0-0: Ball 1-0: Ball 2-0: Ball Glenn Lowther is caught stealing 2nd base 2-4 3-0: Base on Balls
|
|
Batting: RHB Xavier Castaneda
|
0-0: Called Strike 0-1: Grounds into double play, 6-4-3 (Groundball, 6, EV 103.1 MPH)
|
| Bottom of the 1st over - 0 runs, 1 hit, 0 errors, 0 left on base; Greenville 0 - Quad Cities 0 |
| TOP OF THE 2ND |
|
Greenville Drive batting - Pitching for Quad Cities River Bandits : RHP Mike Rosen
|
|
Batting: LHB Danny Montoya
|
0-0: Ball 1-0: SINGLE (Line Drive, 34D, EV 101.9 MPH)
|
|
Batting: SHB Robert Soto
|
0-0: Grounds out, U3 (Groundball, 3L, EV 101.2 MPH)
|
|
Batting: RHB Mario Arriero
|
0-0: Called Strike 0-1: Ball 1-1: Called Strike 1-2: Ball 2-2: Ground out 6-3 (Groundball, 6, EV 81.2 MPH)
|
|
Batting: LHB Robert Gonzalez
|
0-0: Ball 1-0: Called Strike 1-1: Swinging Strike 1-2: Ball 2-2: Foul Ball, location: 2F 2-2: SINGLE (Groundball, 4S, EV 68.8 MPH) (infield hit) Danny Montoya to third
|
|
Batting: RHB Adugna Chandu
|
0-0: Ball 1-0: Foul Ball, location: 2F 1-1: Called Strike 1-2: Strikes out looking
|
| Top of the 2nd over - 0 runs, 2 hits, 0 errors, 2 left on base; Greenville 0 - Quad Cities 0 |
| BOTTOM OF THE 2ND |
|
Quad Cities River Bandits batting - Pitching for Greenville Drive : RHP Teruhiko Ushijima
|
|
Batting: LHB Aldo Kok
|
0-0: Called Strike 0-1: Called Strike 0-2: Fly out, F9 (Flyball, 9D, EV 101.2 MPH)
|
|
Batting: RHB Andrew Pride
|
0-0: Ball 1-0: Ball 2-0: Ball 3-0: Called Strike 3-1: Base on Balls
|
|
Batting: LHB Jackson Trottier
|
0-0: Fielders Choice at 2nd, 3-6 (Groundball, 34, EV 85.6 MPH)
|
|
Batting: LHB Tomas de Zeeuw
|
0-0: Ball Jackson Trottier is caught stealing 2nd base 2-6
|
| Bottom of the 2nd over - 0 runs, 0 hits, 0 errors, 0 left on base; Greenville 0 - Quad Cities 0 |
| TOP OF THE 3RD |
|
Greenville Drive batting - Pitching for Quad Cities River Bandits : RHP Mike Rosen
|
|
Batting: RHB Rogelio Cervantes
|
0-0: Ball 1-0: Ground out 5-3 (Groundball, 56S, EV 81.2 MPH)
|
|
Batting: RHB Aukukero Tairi
|
0-0: Foul Ball, location: 2F 0-1: Called Strike 0-2: Ball 1-2: Foul Ball, location: 2F 1-2: Foul Ball, location: 2F 1-2: SINGLE (Groundball, 6M, EV 86.2 MPH) (infield hit)
|
|
Batting: SHB Salvador Padilla
|
0-0: Swinging Strike 0-1: Ball Aukukero Tairi steals 2nd base (no throw) 1-1: Ball 2-1: Foul Ball, location: 2F 2-2: Foul Ball, location: 2F 2-2: Ball 3-2: Fly out, F5 (Line Drive, 56, EV 65.0 MPH)
|
|
Batting: RHB Alex Cardenas
|
0-0: Called Strike 0-1: Called Strike 0-2: Strikes out looking
|
| Top of the 3rd over - 0 runs, 1 hit, 0 errors, 1 left on base; Greenville 0 - Quad Cities 0 |
| BOTTOM OF THE 3RD |
|
Quad Cities River Bandits batting - Pitching for Greenville Drive : RHP Teruhiko Ushijima
|
|
Batting: LHB Tomas de Zeeuw
|
0-0: Swinging Strike 0-1: Called Strike 0-2: SOLO HOME RUN (Flyball, 7D, EV 98.1 MPH), Distance : 391 ft
|
|
Batting: RHB John Sabean
|
0-0: DOUBLE (Groundball, 5L, EV 103.1 MPH)
|
|
Batting: RHB Oren Jones
|
0-0: Called Strike 0-1: Swinging Strike 0-2: Ball 1-2: Strikes out swinging
|
|
Batting: LHB Glenn Lowther
|
0-0: Ball 1-0: Called Strike 1-1: Called Strike 1-2: Strikes out swinging
|
|
Batting: RHB Sean Mounts
|
0-0: Ball 1-0: Ball 2-0: Ball 3-0: Base on Balls
|
|
Batting: RHB Xavier Castaneda
|
0-0: Ball 1-0: Called Strike 1-1: Foul Ball, location: 2F 1-2: Foul Ball, location: 2F 1-2: Strikes out swinging
|
| Bottom of the 3rd over - 1 run, 2 hits, 0 errors, 2 left on base; Greenville 0 - Quad Cities 1 |
| TOP OF THE 4TH |
|
Greenville Drive batting - Pitching for Quad Cities River Bandits : RHP Mike Rosen
|
|
Batting: LHB Danny Montoya
|
0-0: Foul Ball, location: 2F 0-1: Ball 1-1: Ball 2-1: Ground out 3-1 (Groundball, 34S, EV 88.8 MPH)
|
|
Batting: SHB Robert Soto
|
0-0: Ground out 4-3 (Groundball, 4, EV 87.5 MPH)
|
|
Batting: RHB Mario Arriero
|
0-0: Ball 1-0: Foul Ball, location: 2F 1-1: Ball 2-1: Called Strike 2-2: Ground out 4-3 (Groundball, 4, EV 81.2 MPH)
|
| Top of the 4th over - 0 runs, 0 hits, 0 errors, 0 left on base; Greenville 0 - Quad Cities 1 |
| BOTTOM OF THE 4TH |
|
Quad Cities River Bandits batting - Pitching for Greenville Drive : RHP Teruhiko Ushijima
|
|
Batting: LHB Aldo Kok
|
0-0: Called Strike 0-1: Fly out, F8 (Line Drive, 8RD, EV 105.0 MPH)
|
|
Batting: RHB Andrew Pride
|
0-0: Ball 1-0: Called Strike 1-1: Foul Ball, location: 2F 1-2: Foul Ball, location: 2F 1-2: Ball 2-2: Foul Ball, location: 2F 2-2: Ball 3-2: Foul Ball, location: 2F 3-2: Fly out, F8 (Flyball, 8RD, EV 103.1 MPH)
|
|
Batting: LHB Jackson Trottier
|
0-0: Ball 1-0: Ball 2-0: Ball 3-0: Called Strike 3-1: SINGLE (Groundball, 6D, EV 107.5 MPH)
|
|
Batting: LHB Tomas de Zeeuw
|
0-0: Ball 1-0: Fly out, F7 (Flyball, 7, EV 91.9 MPH)
|
| Bottom of the 4th over - 0 runs, 1 hit, 0 errors, 1 left on base; Greenville 0 - Quad Cities 1 |
| TOP OF THE 5TH |
|
Greenville Drive batting - Pitching for Quad Cities River Bandits : RHP Mike Rosen
|
|
Batting: LHB Robert Gonzalez
|
0-0: Swinging Strike 0-1: Swinging Strike 0-2: Ground out U3 (Groundball, 3, EV 85.0 MPH)
|
|
Batting: RHB Adugna Chandu
|
0-0: Called Strike 0-1: Swinging Strike 0-2: Strikes out swinging
|
|
Batting: RHB Rogelio Cervantes
|
0-0: Ball 1-0: Ground out 1-3 (Groundball, P, EV 69.4 MPH)
|
| Top of the 5th over - 0 runs, 0 hits, 0 errors, 0 left on base; Greenville 0 - Quad Cities 1 |
| BOTTOM OF THE 5TH |
|
Quad Cities River Bandits batting - Pitching for Greenville Drive : RHP Teruhiko Ushijima
|
|
Batting: RHB John Sabean
|
0-0: Ball 1-0: Called Strike 1-1: Ball 2-1: Swinging Strike 2-2: Foul Ball, location: 2F 2-2: Foul Ball, location: 2F 2-2: Ball 3-2: SINGLE (Line Drive, 6M, EV 105.0 MPH)
|
|
Batting: RHB Oren Jones
|
0-0: Called Strike 0-1: Grounds into double play, 5-4-3 (Groundball, 56, EV 94.4 MPH)
|
|
Batting: LHB Glenn Lowther
|
0-0: Ball 1-0: Called Strike 1-1: Called Strike 1-2: Foul Ball, location: 2F 1-2: Strikes out swinging
|
| Bottom of the 5th over - 0 runs, 1 hit, 0 errors, 0 left on base; Greenville 0 - Quad Cities 1 |
| TOP OF THE 6TH |
|
Greenville Drive batting - Pitching for Quad Cities River Bandits : RHP Mike Rosen
|
|
Batting: RHB Aukukero Tairi
|
0-0: Ball 1-0: Reached on error, E6 (Groundball, 6, EV 84.4 MPH)
|
|
Batting: SHB Salvador Padilla
|
0-0: Ball 1-0: Swinging Strike 1-1: Ground out 5-3 (Groundball, 5, EV 97.5 MPH) Aukukero Tairi to second
|
|
Pinch Hitting: LHB Eddie Contreras
|
0-0: Ball 1-0: Ball 2-0: Ball 3-0: Called Strike 3-1: Base on Balls
|
|
Batting: LHB Danny Montoya
|
0-0: Called Strike 0-1: Called Strike 0-2: Ball 1-2: Ball 2-2: Fielders Choice at 2nd, 3-6 (Groundball, 3, EV 91.2 MPH) Aukukero Tairi to third
|
|
Batting: SHB Robert Soto
|
0-0: Ball 1-0: Ball 2-0: Foul Ball, location: 2F 2-1: Foul Ball, location: 2F 2-2: Foul Ball, location: 2F 2-2: Strikes out swinging
|
| Top of the 6th over - 0 runs, 0 hits, 1 error, 2 left on base; Greenville 0 - Quad Cities 1 |
| BOTTOM OF THE 6TH |
|
Quad Cities River Bandits batting - Pitching for Greenville Drive : RHP Teruhiko Ushijima
|
|
Now at 3B: Matt Parker
|
|
|
Batting: RHB Sean Mounts
|
0-0: Called Strike 0-1: Ball 1-1: Ball 2-1: Foul Ball, location: 2F 2-2: Fly out, F9 (Flyball, 9, EV 89.4 MPH)
|
|
Batting: RHB Xavier Castaneda
|
0-0: Swinging Strike 0-1: DOUBLE (Line Drive, 7LS, EV 103.8 MPH)
|
|
Batting: LHB Aldo Kok
|
0-0: Ball 1-0: Ball 2-0: Ground out 4-3 (Groundball, 4, EV 104.4 MPH) Xavier Castaneda to third
|
|
Batting: RHB Andrew Pride
|
0-0: Ball 1-0: Called Strike 1-1: 2-RUN HOME RUN (Flyball, 7LD, EV 94.4 MPH), Distance : 365 ft
|
|
Batting: LHB Jackson Trottier
|
0-0: SINGLE (Groundball, 3D, EV 98.8 MPH)
|
|
Pitching: RHP Tyler Tomblin
|
|
|
Batting: LHB Tomas de Zeeuw
|
0-0: Ball 1-0: Foul Ball, location: 2F 1-1: Ball 2-1: Ball 3-1: SINGLE (Groundball, 34S, EV 66.2 MPH) (infield hit) Jackson Trottier to second
|
|
Batting: RHB John Sabean
|
0-0: SINGLE (Line Drive, 3D, EV 96.9 MPH) Jackson Trottier to third Tomas de Zeeuw to second Runner from 3rd tries for Home, SAFE, throw by RF to home
|
|
Batting: RHB Oren Jones
|
0-0: Called Strike 0-1: Fielders Choice at 2nd, 6-4 (Groundball, 6, EV 78.8 MPH)
|
| Bottom of the 6th over - 3 runs, 5 hits, 0 errors, 2 left on base; Greenville 0 - Quad Cities 4 |
| TOP OF THE 7TH |
|
Greenville Drive batting - Pitching for Quad Cities River Bandits : RHP Mike Rosen
|
|
Batting: RHB Mario Arriero
|
0-0: Ball 1-0: Called Strike 1-1: Foul Ball, location: 2F 1-2: Strikes out swinging
|
|
Batting: LHB Robert Gonzalez
|
0-0: Ball 1-0: Ball 2-0: Ball 3-0: Called Strike 3-1: Fly out, F8 (Flyball, 8LD, EV 95.0 MPH)
|
|
Batting: RHB Adugna Chandu
|
0-0: Ball 1-0: Foul Ball, location: 2F 1-1: Ball 2-1: Called Strike 2-2: Ball 3-2: Foul Ball, location: 2F 3-2: Strikes out swinging
|
| Top of the 7th over - 0 runs, 0 hits, 0 errors, 0 left on base; Greenville 0 - Quad Cities 4 |
| BOTTOM OF THE 7TH |
|
Quad Cities River Bandits batting - Pitching for Greenville Drive : RHP Tyler Tomblin
|
|
Batting: LHB Glenn Lowther
|
0-0: Ball 1-0: Ground out 6-3 (Groundball, 6MS, EV 80.6 MPH)
|
|
Batting: RHB Sean Mounts
|
0-0: Called Strike 0-1: Foul Ball, location: 2F 0-2: Ball 1-2: Ground out 4-3 (Groundball, 4, EV 99.4 MPH)
|
|
Batting: RHB Xavier Castaneda
|
0-0: Called Strike 0-1: Foul Ball, location: 2F 0-2: Strikes out swinging
|
| Bottom of the 7th over - 0 runs, 0 hits, 0 errors, 0 left on base; Greenville 0 - Quad Cities 4 |
| TOP OF THE 8TH |
|
Greenville Drive batting - Pitching for Quad Cities River Bandits : RHP Mike Rosen
|
|
Pitching: RHP Kevin Zika
|
|
|
Batting: RHB Rogelio Cervantes
|
0-0: Called Strike 0-1: Ball 1-1: Foul Ball, location: 2F 1-2: Ball 2-2: Ball 3-2: Base on Balls
|
|
Batting: RHB Aukukero Tairi
|
0-0: Called Strike 0-1: Swinging Strike 0-2: Strikes out looking
|
|
Batting: SHB Salvador Padilla
|
0-0: Called Strike 0-1: Ball 1-1: Swinging Strike 1-2: Strikes out swinging
|
|
Batting: RHB Matt Parker
|
0-0: SINGLE (Line Drive, 4M, EV 97.5 MPH) Rogelio Cervantes to second Runner from 2nd tries for 3rd, OUT! 8-5
|
| Top of the 8th over - 0 runs, 1 hit, 0 errors, 1 left on base; Greenville 0 - Quad Cities 4 |
| BOTTOM OF THE 8TH |
|
Quad Cities River Bandits batting - Pitching for Greenville Drive : RHP Tyler Tomblin
|
|
Batting: LHB Aldo Kok
|
0-0: Ball 1-0: Foul Ball, location: 2F 1-1: Ball 2-1: Ground out 5-3 (Groundball, 56, EV 86.9 MPH)
|
|
Batting: RHB Andrew Pride
|
0-0: Swinging Strike 0-1: Ball 1-1: Ball 2-1: Foul Ball, location: 2F 2-2: Foul Ball, location: 2F 2-2: Foul Ball, location: 2F 2-2: Strikes out swinging
|
|
Batting: LHB Jackson Trottier
|
0-0: Ground out 4-3 (Groundball, 4, EV 81.2 MPH)
|
| Bottom of the 8th over - 0 runs, 0 hits, 0 errors, 0 left on base; Greenville 0 - Quad Cities 4 |
| TOP OF THE 9TH |
|
Greenville Drive batting - Pitching for Quad Cities River Bandits : RHP Kevin Zika
|
|
Batting: LHB Danny Montoya
|
0-0: Ball 1-0: Called Strike 1-1: Ground out U3 (Groundball, 3L, EV 84.4 MPH)
|
|
Batting: SHB Robert Soto
|
0-0: Ball 1-0: Foul Ball, location: 2F 1-1: Fly out, F9 (Line Drive, 9, EV 83.8 MPH)
|
|
Batting: RHB Mario Arriero
|
0-0: Ball 1-0: Called Strike 1-1: Fly out, F8 (Flyball, 8RXD, EV 106.2 MPH)
|
| Top of the 9th over - 0 runs, 0 hits, 0 errors, 0 left on base; Greenville 0 - Quad Cities 4 |
|